Map: 엔디온 잔해

Players

llllllllllll (Scarlett)

  • Race: Zerg Zerg
  • League: Grandmaster

IllllllllllI - Winner!

  • Race: Terran Terran
  • League: Grandmaster

VOD

Have the link to the VOD?

Description

Time

  • Played on: April 13, 2016, 3:52 a.m.
  • Length: 13:13
Show
View Real Time Build Order
Export as new Build Order

llllllllllll Zerg 

Build Orders: Pool First, Muta Ling Bane 

Get SALT Encoding   

  12  0:02  Drone  
  13  0:10  Drone  
  14  0:18  Overlord  
  14  0:24  Extractor  
  14  0:25  Drone  
  15  0:37  Drone  
  15  0:38  Drone  
  17  0:46  Spawning Pool  
  17  0:49  Drone  
  17  0:53  Extractor  
  16  0:57  Drone  
  17  1:07  Drone  
  18  1:18  Drone  
  19  1:25  Hatchery  
  19  1:32  Queen  
  18  1:35  Zergling x2  
  18  1:39  Zergling x2  
  22  1:49  Overlord  
  22  1:52  Metabolic Boost  
  22  2:07  Drone  
  22  2:08  Queen  
  25  2:23  Drone x2  
  27  2:40  Drone x2  
  27  2:41  Queen  
  30  2:48  Zergling x8  
  33  2:51  Zergling x2  
  34  3:02  Drone  
  34  3:04  Hatchery  
  34  3:12  Overlord  
  34  3:13  Drone  
  35  3:26  Overlord, Drone  
  35  3:40  Overlord, Drone  
  35  3:41  Drone x4  
  40  3:47  Drone  
  41  3:56  Drone  
  41  3:57  Drone x3  
  41  4:01  Drone  
  46  4:05  Drone  
  46  4:08  Evolution Chamber  
  46  4:09  Evolution Chamber  
  45  4:11  Drone  
  45  4:16  Drone  
  47  4:17  Drone x2  
  47  4:20  Queen  
  47  4:21  Extractor, Drone x3  
  53  4:24  Queen  
  55  4:33  Overlord, Drone  
  55  4:34  Overlord  
  55  4:37  Zerg Melee Weapons Level 1  
  56  4:44  Zerg Ground Armor Level 1  
  56  4:46  Overlord, Drone  
  57  4:56  Drone x6  
  50  5:10  Drone  
  50  5:11  Drone x5  
  56  5:17  Drone x3  
  59  5:26  Zergling x2  
  59  5:27  Zergling x4  
  62  5:30  Baneling Nest  
  62  5:31  Lair  
  62  5:34  Drone x3  
  64  5:38  Drone x2  
  66  5:44  Drone x2  
  66  5:45  Drone x2  
  66  5:48  Extractor  
  68  5:53  Drone  
  68  5:54  Drone x4  
  73  6:00  Overlord, Extractor  
  72  6:04  Spore Crawler  
  72  6:08  Overlord x4  
  72  6:09  Drone x2  
  73  6:19  Drone x2  
  73  6:20  Drone  
  73  6:21  Drone x4  
  73  6:22  Drone  
  73  6:24  Extractor  
  80  6:26  Extractor  
  79  6:33  Zerg Melee Weapons Level 2  
  79  6:34  Spire  
  79  6:35  Baneling x3  
  79  6:37  Drone x2  
  79  6:38  Drone  
  79  6:39  Zergling x6  
  84  6:43  Drone x4  
  88  6:51  Zerg Ground Armor Level 2  
  88  6:58  Drone  
  88  6:59  Drone x4  
  93  7:06  Hatchery  
  93  7:08  Drone x2  
  94  7:12  Centrifical Hooks  
  94  7:17  Hatchery  
  94  7:18  Zergling x4  
  95  7:27  Zergling x2  
  95  7:28  Zergling x16  
  104  7:30  Zergling x4  
  105  7:43  Drone x5  
  99  7:44  Overseer x2  
  99  7:51  Zerg Flyer Weapons Level 1  
  99  7:52  Mutalisk x6  
  111  7:59  Mutalisk  
  111  8:00  Overlord x2  
  113  8:15  Infestation Pit  
  113  8:19  Pneumatized Carapace  
  112  8:22  Drone x2  
  112  8:23  Drone x9  
  112  8:26  Mutalisk x2  
  126  8:36  Mutalisk x2  
  126  8:38  Queen, Extractor  
  126  8:39  Zergling x2  
  126  8:40  Zergling x14  
  133  8:52  Zergling x14  
  129  9:06  Mutalisk x4  
  129  9:08  Zergling x8  
  129  9:09  Zergling x8  
  128  9:11  Baneling x5  
  128  9:13  Drone  
  122  9:31  Mutalisk x2  
  122  9:35  Hatchery  
  125  9:46  Zergling x18, Zerg Flyer Armor Level 1  
  125  9:50  Hive  
  125  9:51  Queen  
  136  9:58  Overlord x2  
  136  10:05  Hatchery  
  135  10:14  Zergling x2  
  136  10:15  Overlord x3  
  136  10:22  Zergling x22  
  136  10:26  Zergling x2  
  136  10:27  Zergling x6  
  151  10:32  Baneling  
  151  10:33  Baneling x8  
  150  10:36  Zergling x6  
  146  10:45  Zergling x2  
  146  10:46  Zergling x10  
  100  11:09  Drone x3  
  100  11:11  Drone x9  
  100  11:15  Baneling  
  100  11:16  Baneling x4  
  103  11:19  Drone  
  100  11:27  Drone  
  101  11:39  Pathogen Glands  
  101  11:46  Greater Spire  
  101  11:52  Overseer  
  101  11:53  Overseer  
  97  12:00  Drone x3  
  100  12:11  Infestor x4  
  100  12:13  Infestor x2  
  110  12:32  Corruptor  
  110  12:33  Corruptor x2  
  110  12:35  Zergling x34  
  132  12:38  Baneling x5  
  132  12:39  Baneling  
  132  12:43  Zergling x2  
  129  12:53  Zergling x2  
  129  12:54  Zergling x8  
Show
View Real Time Build Order
Export as new Build Order

IllllllllllI Terran - Winner!

Build Orders: Reaper Expand, MMM Bio 

Get SALT Encoding   

  12  0:00  SCV  
  13  0:13  SCV  
  14  0:17  Supply Depot  
  14  0:25  SCV  
  15  0:39  SCV  
  15  0:40  Barracks  
  16  0:43  Refinery  
  16  0:51  SCV  
  17  1:03  SCV  
  18  1:15  SCV  
  19  1:27  Reaper, Orbital Command  
  20  1:39  Command Center  
  20  1:46  Supply Depot  
  20  1:54  SCV  
  21  1:58  Marine  
  22  2:04  Factory  
  22  2:06  SCV  
  23  2:12  Refinery  
  23  2:18  SCV  
  23  2:22  Barracks Reactor  
  24  2:30  SCV  
  25  2:42  SCV  
  24  2:53  Starport  
  24  2:54  SCV  
  25  3:01  Hellion  
  25  3:02  Hellion  
  29  3:06  SCV  
  29  3:08  Barracks Reactor, Orbital Command  
  30  3:18  SCV  
  31  3:23  Hellion x2  
  35  3:30  SCV  
  37  3:34  SCV  
  36  3:43  SCV  
  36  3:46  SCV  
  38  3:49  Medivac  
  38  3:50  Viking  
  42  3:57  Command Center  
  42  3:58  SCV x2  
  42  4:01  Supply Depot  
  44  4:06  Supply Depot  
  44  4:09  Barracks Tech Lab  
  44  4:13  SCV x2  
  46  4:23  Hellion x2  
  50  4:26  SCV x2  
  50  4:27  Marine  
  50  4:28  Stimpack  
  53  4:31  Starport Reactor  
  53  4:38  SCV x2  
  55  4:42  Barracks x2  
  55  4:50  SCV x2  
  57  4:54  Factory Reactor  
  57  4:55  Marine  
  58  5:00  Engineering Bay  
  58  5:01  Engineering Bay  
  58  5:02  SCV  
  58  5:03  SCV  
  56  5:10  Refinery x2  
  56  5:13  Marine  
  57  5:15  SCV x2  
  57  5:19  Barracks, Starport Reactor  
  57  5:21  Barracks  
  59  5:26  Orbital Command  
  59  5:29  SCV  
  59  5:30  SCV  
  59  5:31  Marine  
  62  5:38  Marine  
  62  5:39  Marine x3  
  62  5:40  Widow Mine x2  
  62  5:42  SCV  
  71  5:43  SCV  
  71  5:49  Terran Infantry Armor Level 1, Terran Infantry Weapons Level 1  
  72  5:57  SCV x3  
  74  6:01  Supply Depot  
  74  6:03  Supply Depot x2  
  75  6:09  SCV x2  
  77  6:11  Barracks Reactor  
  77  6:23  Marine x5, Medivac, SCV  
  77  6:24  Marine x2, Medivac, SCV x2  
  91  6:28  Supply Depot  
  91  6:29  Supply Depot  
  91  6:35  SCV  
  91  6:36  Armory  
  91  6:38  SCV  
  93  6:40  Marine x5  
  93  6:42  Marine x2, Combat Shields  
  93  6:43  SCV  
  101  6:48  Supply Depot  
  101  6:49  SCV  
  101  6:51  SCV  
  101  6:52  Supply Depot x2  
  103  6:56  SCV  
  104  7:02  SCV  
  104  7:03  SCV, Supply Depot  
  104  7:04  Marine x6  
  104  7:05  Marine x3  
  115  7:10  Widow Mine x2  
  115  7:11  Medivac  
  115  7:13  Medivac  
  123  7:18  Supply Depot  
  123  7:19  Refinery  
  123  7:22  Supply Depot  
  123  7:31  Marine  
  123  7:32  Marine x7  
  126  7:47  Medivac  
  126  7:48  Medivac, Widow Mine x2  
  138  7:57  Marine  
  138  7:58  Marine x7  
  137  7:59  Marauder  
  137  8:00  Terran Infantry Armor Level 2, Terran Infantry Weapons Level 2  
  137  8:02  Factory  
  137  8:15  Marine x4  
  137  8:16  Marine x4  
  137  8:19  Terran Vehicle And Ship Armor Level 1  
  145  8:20  Marauder  
  145  8:23  Widow Mine x2  
  145  8:26  Medivac x2  
  155  8:33  Marine  
  155  8:39  Marine x6  
  160  8:42  Marauder  
  160  8:46  Marine  
  160  8:51  Marine, Widow Mine x2  
  160  8:57  Marine x5  
  160  9:01  Marine  
  160  9:03  Marauder  
  160  9:04  Marine  
  160  9:09  Marine  
  150  9:11  Liberator x2  
  150  9:14  Barracks x2, Marine  
  150  9:15  Marine x2  
  150  9:16  Marine x2, Barracks  
  155  9:17  Factory Tech Lab  
  155  9:18  Marine  
  155  9:22  Marine  
  155  9:24  Marauder  
  155  9:26  Marine  
  155  9:27  Widow Mine x2  
  159  9:32  Marine  
  159  9:33  Starport  
  159  9:37  Command Center  
  160  9:39  Missile Turret  
  160  9:40  Marine x2  
  160  9:41  Marine x3  
  165  9:52  Marauder, Missile Turret  
  166  9:54  Liberator, Thor  
  173  10:16  Missile Turret  
  173  10:17  Supply Depot x2  
  173  10:18  Supply Depot  
  173  10:20  Barracks Reactor x2, Barracks Tech Lab  
  172  10:22  Missile Turret, Liberator x2  
  172  10:25  Missile Turret  
  172  10:34  Marauder  
  173  10:37  Liberator  
  173  10:41  Marine x3  
  179  10:43  Marine  
  179  10:44  Marine x2, Marauder  
  184  10:55  Marine  
  184  10:56  Marauder  
  180  10:59  Marine x2  
  149  11:04  Liberator  
  149  11:05  Marine  
  149  11:06  Marauder  
  149  11:08  Marine x4  
  149  11:09  Marine x3  
  133  11:17  Marauder  
  133  11:20  Missile Turret  
  133  11:21  Medivac, Missile Turret  
  133  11:23  Missile Turret  
  133  11:25  Marine x4  
  134  11:26  Widow Mine  
  134  11:27  Marauder, Widow Mine  
  140  11:36  Planetary Fortress  
  142  11:46  Marine, Marauder  
  142  11:47  Marine x6  
  145  11:48  Marauder  
  145  11:49  Marine x2  
  145  11:53  Marine x3  
  157  11:57  Starport Reactor  
  157  12:04  Medivac x2, Marine  
  157  12:05  Widow Mine  
  157  12:06  Widow Mine  
  157  12:07  Marine  
  157  12:08  Marine x6  
  170  12:09  Marine x2  
  170  12:11  Marauder  
  170  12:17  Marine x3  
  170  12:22  Marine  
  174  12:25  Marine  
  174  12:28  Marauder  
  174  12:32  Marauder  
  174  12:34  Marine x7  
  174  12:35  Marine  
  177  12:47  Marine  
  177  12:48  Marine x3  
  177  12:49  Marauder  
  183  12:52  Marine x2  
  183  12:53  Marine x6  
Tags
 
Add a new tag
Caveats
  • Supply blocks, unpowered buildings, or Contaminate may cause inaccurate times.
  • Supply counts are checked every 10 seconds.